 Dungeon Crawl Stone Soup version 0.18.1-6-gd335043 (webtiles) character file.

1062 shinino the Covert (level 8, -5/37 HPs)
             Began as a Spriggan Hunter on May 17, 2016.
             Slain by a gnoll
             ... wielding a +0 halberd
              (11 damage)
             ... on level 5 of the Dungeon.
             The game lasted 00:17:09 (5672 turns).

shinino the Covert (Spriggan Hunter)                Turns: 5672, Time: 00:17:10

Health: -5/37      AC:  5    Str: 13    XL:     8   Next: 6%
Magic:  9/9        EV: 24    Int: 18    God:
Gold:   264        SH:  0    Dex: 23    Spells: 0 memorised, 7 levels left

rFire  . . .     SeeInvis +     b - +0 rapier
rCold  . . .     Gourm    .     c - +0 robe
rNeg   . . .     Faith    .     (shield restricted)
rPois  +         Spirit   .     (helmet restricted)
rElec  .         Dismiss  +     o - +2 cloak {rPois}
rCorr  .         Reflect  .     (gloves unavailable)
SustAt .         Harm     .     (boots unavailable)
MR     +....                    i - amulet of dismissal
Stlth  +++++++...               (no ring)
                                (no ring)

@: mighty, brilliant, agile, very quick, somewhat resistant to hostile
enchantments, extremely stealthy
A: unfitting armour, see invisible, herbivore 3, speed 3, slow metabolism 2
a: no special abilities


You were on level 5 of the Dungeon.
You were not hungry.

You visited 1 branch of the dungeon, and saw 5 of its levels.

You collected 264 gold pieces.

Inventory:

Hand Weapons
 a - a +1 hand crossbow
 b - a +0 rapier (weapon)
 j - a +0 whip
Missiles
 d - a bolt
Armour
 c - a +0 robe (worn)
 o - a +2 cloak of poison resistance (worn)
Jewellery
 g - an uncursed ring of resist corrosion
 i - an amulet of dismissal (around neck)
Scrolls
 e - 2 scrolls of teleportation
 l - a scroll of identify
 s - a scroll of enchant armour
 t - a scroll of magic mapping {unknown}
 u - a scroll of remove curse
Comestibles
 f - 3 bread rations


   Skills:
 - Level 1.5 Fighting
 * Level 7.2 Short Blades
 - Level 4.0 Crossbows
 - Level 3.0 Dodging
 * Level 10.3 Stealth


You had 7 spell levels left.
You didn't know any spells.

Dungeon Overview and Level Annotations

Branches:
Dungeon (5/15)
 Temple: D:4-7

Altars:
Xom
Zin

Annotations:
D:5 Dowan, Duvessa


Innate Abilities, Weirdness & Mutations

You are tiny and cannot use many weapons and most armour.
You have supernaturally acute eyesight.
You are a herbivore.
You cover ground extremely quickly.
You need consume almost no food.


Message History

The giant cockroach zombie closely misses you.
Edmund says, "People think my brother is the best.
I think he's crazy."
You hit Edmund but do no damage.
Edmund is almost dead.
The giant cockroach zombie closely misses you.
You hit Edmund.
Edmund is almost dead.
Edmund hits you with a flail of protection!
* * * LOW HITPOINT WARNING * * *
The giant cockroach zombie closely misses you.
You barely miss Edmund.
Edmund is almost dead.
Edmund completely misses you.
The giant cockroach zombie closely misses you.
You puncture Edmund!
You kill Edmund!
Your Short Blades skill increases to level 7!
You have reached level 8!
The gnoll hits you from afar with a halberd!
You die...

.....##.#.#....$..).....#
#.#
.....##.#.######........#
#.#
..##.##...............###
#.#
..#####.#.######......#
#.# ..e..e....# #......#
#.# ##.....# #.# #.#
#####.#.....#
#.########## #.#


You could see a gnoll and a giant cockroach zombie.

Vanquished Creatures
  Sigmund (D:5)
  Eustachio (D:4)
  Edmund (D:5)
  A big kobold (D:4)
  A scorpion (D:4)
  A giant frog zombie (D:3)
  A centaur skeleton (D:4)
  A jelly (D:5)
  2 orc priests (D:5)
  3 hounds
  An orc wizard (D:5)
  A hound skeleton (D:4)
  A worker ant zombie (D:5)
  8 gnolls
  6 adders
  A shadow imp (D:5)
  2 oozes (D:2)
  An adder skeleton (D:4)
  An adder zombie (D:5)
  3 worms (D:2)
  A dart slug (D:1)
  3 giant geckos
  5 orcs
  10 bats
  5 giant cockroaches
  9 goblins
  8 hobgoblins
  4 jackals
  4 kobolds
  A quokka (D:2)
  5 giant newts
  7 rats
100 creatures vanquished.

Notes
Turn   | Place    | Note
--------------------------------------------------------------
     0 | D:1      | shinino the Spriggan Hunter began the quest for the Orb.
     0 | D:1      | Reached XP level 1. HP: 10/10 MP: 2/2
    28 | D:1      | Reached skill level 2 in Stealth
    41 | D:1      | Reached skill level 1 in Short Blades
    41 | D:1      | Reached XP level 2. HP: 2/14 MP: 3/3
   734 | D:1      | Reached skill level 3 in Stealth
  1089 | D:1      | Reached XP level 3. HP: 17/18 MP: 4/4
  1310 | D:2      | Reached skill level 4 in Stealth
  1518 | D:2      | Reached XP level 4. HP: 22/22 MP: 5/5
  2311 | D:3      | Reached skill level 5 in Stealth
  2537 | D:3      | Reached XP level 5. HP: 25/25 MP: 6/6
  2914 | D:3      | Reached skill level 6 in Stealth
  3358 | D:4      | Noticed Eustachio
  3511 | D:4      | Killed Eustachio
  3511 | D:4      | Reached skill level 7 in Stealth
  3511 | D:4      | Reached XP level 6. HP: 28/30 MP: 7/7
  3667 | D:4      | Reached skill level 5 in Short Blades
  4716 | D:4      | Reached skill level 8 in Stealth
  4747 | D:4      | Reached XP level 7. HP: 32/33 MP: 8/8
  4893 | D:5      | Entered Level 5 of the Dungeon
  5100 | D:5      | Found a glowing silver altar of Zin.
  5100 | D:5      | Noticed Sigmund
  5104 | D:5      | Noticed an angel
  5107 | D:5      | Killed Sigmund
  5107 | D:5      | Reached skill level 9 in Stealth
  5108 | D:5      | Noticed Edmund
  5136 | D:5      | Found a shimmering altar of Xom.
  5305 | D:5      | Reached skill level 10 in Stealth
  5530 | D:5      | Noticed Dowan
  5589 | D:5      | Noticed Duvessa
  5672 | D:5      | Killed Edmund
  5672 | D:5      | Reached XP level 8. HP: 6/37 MP: 9/9
  5672 | D:5      | Slain by a gnoll

Skill      XL: |  1  2  3  4  5  6  7 |
---------------+----------------------+-----
Stealth        | 2 3 4 5 7 8 10 | 10.3
Short Blades   | 1 2 3 4 5 7 |  7.2
Fighting       | |  1.5
Crossbows      | |  4.0
Dodging        | |  3.0

Action                   |  1- 3 |  4- 6 |  7- 9 || total
-------------------------+-------+-------+-------++-------
Melee: Short sword       |    92 |       |       ||    92
       Rapier            |    13 |   177 |    90 ||   280
 Fire: Hand crossbow     |     7 |    80 |    17 ||   104
  Use: Scroll            |     1 |     4 |     2 ||     7
       Potion            |       |     1 |     5 ||     6
 Stab: Sleeping          |    14 |    12 |     7 ||    33
  Eat: Pizza             |       |     1 |       ||     1
       Royal jelly       |       |       |     1 ||     1
Armor: Robe              |    10 |    12 |    15 ||    37
       Skin              |       |    18 |    20 ||    38
Dodge: Dodged            |    91 |   141 |    84 ||   316
